 Seeded DCSS version 0.29.1-1-gd02db6906a (webtiles) character file.

Game seed: 10364265286927963392 (custom seed)

11 lonewolfV2 the Trooper (level 2, -1/24 HPs)
             Began as a Demonspawn Fighter on Oct 17, 2022.
             Frozen to death by an endoplasm (5 damage)
             ... on level 1 of the Dungeon.
             The game lasted 00:00:30 (200 turns).

lonewolfV2 the Trooper (Demonspawn Fighter)          Turns: 200, Time: 00:00:30

Health: -1/24      AC:  6    Str: 16    XL:     2   Next: 13%
Magic:  2/2        EV:  8    Int:  9    God:
Gold:   14         SH:  4    Dex: 12    Spells: 1/1 levels left

rFire   . . .      SeeInvis .   a - +0 flail
rCold   . . .      Faith    .   c - +0 buckler
rNeg    . . .      Spirit   .   b - +0 scale mail
rPois   .          Reflect  .   (no helmet)
rElec   .          Harm     .   (no cloak)
rCorr   .          Rampage  .   (no gloves)
Will    .....                   (no boots)
Stlth   ..........              (no amulet)
HPRegen 0.08/turn               (no ring)
MPRegen 0.08/turn               (no ring)

@: no status effects
A: demonic guardian 1
a: no special abilities


You were on level 1 of the Dungeon.
You visited 1 branch of the dungeon, and saw 1 of its levels.

You collected 14 gold pieces.

Inventory:

Hand Weapons
 a - a +0 flail (weapon)
Armour
 b - a +0 scale mail (worn)
 c - a +0 buckler (worn)
Scrolls
 e - a scroll of teleportation {unknown}
Potions
 d - a potion of might


   Skills:
 + Level 3.1 Fighting
 * Level 2.1 Maces & Flails
 + Level 2.8 Armour
 + Level 2.8 Shields


You had one spell level left.
You didn't know any spells.
Your spell library was empty.

Dungeon Overview and Level Annotations

Branches:
Dungeon (1/15)

Altars:


Innate Abilities, Weirdness & Mutations

A weak demonic guardian rushes to your aid.


Message History

There are monsters nearby!
There are monsters nearby!
There are monsters nearby!
A dart slug comes into view.
Found 2 stones.
Found a spear.
The dart slug barely misses you.
You hit the dart slug.
The dart slug is moderately wounded.
The kobold hits you with a +0 short sword.
The dart slug bites you.
The endoplasm hits you but does no damage.
You block the kobold's attack.
You hit the dart slug.
The dart slug is heavily wounded.
The kobold hits you but does no damage. The endoplasm freezes you.
You are frozen.
The dart slug launches a dart at you.
The slug dart hits you but does no damage.
You hit the dart slug.
You kill the dart slug!
The kobold hits you but does no damage. The endoplasm freezes you.
You are frozen.
The kobold hits you with a +0 short sword.
The endoplasm freezes you.
You are frozen.
You see here a dart slug corpse.
You hit the endoplasm but do no damage.
The kobold hits you with a +0 short sword.
The endoplasm closely misses you. The endoplasm freezes you.
You are frozen.
* * * LOW HITPOINT WARNING * * *
A demonic guardian appears!
The kobold misses you.
You hit the endoplasm.
The endoplasm is lightly wounded.
The endoplasm freezes you.
You are frozen.
You die...

##......... ##.........#
...........#
#..(.......#
#..........# .
##.........# ..
.).....JK>####.#
#..5@.......# #######
#...####...######.....#
..##.........####.......
#.#####.#..##........
#..#..##........
#.##............
##.#.............
###..#.##.#........
##.#.........#........


You could see an endoplasm (ally target), a kobold and a friendly white imp
(summoned).

Vanquished Creatures
  2 dart slugs (D:1)
  An endoplasm (D:1)
  2 goblins (D:1)
  2 kobolds (D:1)
  A rat (D:1)
8 creatures vanquished.

Notes
Turn   | Place    | Note
-------+----------+-------------------------------------------
     0 | D:1      | lonewolfV2 the Demonspawn Fighter began the quest for the
                  | Orb.
     0 | D:1      | Reached XP level 1. HP: 18/18 MP: 1/1
   187 | D:1      | Gained mutation: A weak demonic guardian rushes to your
                  | aid. [demonic ancestry]
   187 | D:1      | Reached XP level 2. HP: 24/24 MP: 2/2
   200 | D:1      | Frozen to death by an endoplasm

Illustrated notes

Levels and vault maps discovered:
D:1:      saegor_arrival_simple_c, layout_rooms,
          shapermc_ecumenical_altar_hornbeckon, chequers_garden

Skill      XL: |  1 |
---------------+----+-----
Maces & Flails | 2 |  2.1
Fighting       | |  3.1
Armour         | |  2.8
Shields        | |  2.8

Action                   || total
-------------------------++-------
Melee: Flail             ||    16
Armor: Scale mail        ||     6
Dodge: Dodged            ||     4
Block: Buckler           ||     3
